 Dungeon Crawl Stone Soup version 0.26-a0-660-gc07710193c (webtiles) character file.

Game seed: 10215261190137324961

44 dudeneo the Shield-Bearer (level 3, -1/33 HPs)
             Began as a Hill Orc Fighter on Oct 7, 2020.
             Slain by an ufetubus (2 damage)
             ... summoned by Eustachio
             ... on level 4 of the Dungeon.
             The game lasted 00:03:21 (1223 turns).

dudeneo the Shield-Bearer (Hill Orc Fighter)        Turns: 1223, Time: 00:03:22

Health: -1/33      AC:  9    Str: 19    XL:     3   Next: 60%
Magic:  3/3        EV:  7    Int:  8    God:
Gold:   116        SH:  9    Dex: 10    Spells: 2/2 levels left

rFire    . . .     SeeInvis .   o - +2 whip (vamp)
rCold    . . .     Faith    .   c - +0 kite shield
rNeg     . . .     Spirit   .   b - +0 scale mail
rPois    .         Reflect  .   i - +0 helmet
rElec    .         Harm     .   (no cloak)
rCorr    .         Rampage  .   (no gloves)
MR       .....                  p - +0 pair of boots
Stlth    ..........             (no amulet)
HPRegen  0.11/turn              (no ring)
MPRegen  0.08/turn              (no ring)

@: mighty, brilliant
A: no striking features
a: no special abilities


You were on level 4 of the Dungeon.
You visited 1 branch of the dungeon, and saw 3 of its levels.

You collected 116 gold pieces.

Inventory:

Hand Weapons
 a - a +0 war axe
 l - a +1 short sword of holy wrath
 o - a +2 vampiric whip (weapon)
Armour
 b - a +0 scale mail (worn)
 c - a +0 kite shield (worn)
 i - a +0 helmet (worn)
 p - a +0 pair of boots (worn)
Jewellery
 m - an uncursed ring of see invisible {unknown}
Scrolls
 f - 3 scrolls of identify {unknown}
 g - 3 scrolls of teleportation {unknown}
 h - a scroll of enchant weapon {unknown}
 n - a scroll of remove curse {unknown}
Potions
 d - 2 potions of might
 j - 2 potions of lignification {unknown}
 k - a potion of heal wounds {unknown}
 q - a potion of degeneration {unknown}


   Skills:
 - Level 4.0 Fighting
 - Level 3.3 Axes
 - Level 3.4 Armour
 - Level 0.1 Dodging
 * Level 4.2 Shields


You had 2 spell levels left.
You didn't know any spells.
Your spell library was empty.

Dungeon Overview and Level Annotations

Branches:
Dungeon (2/15)

Altars:

Annotations:
D:4 Eustachio


Message History

The adder skeleton bites you but does no damage.
The ufetubus closely misses you. The ufetubus barely misses you. x2
The ufetubus hits you but does no damage.
Eustachio hits you with a +0 rapier.
* * * LOW HITPOINT WARNING * * *
You closely miss Eustachio.
Eustachio is moderately wounded.
The ufetubus completely misses you. The ufetubus hits you.
* * * LOW HITPOINT WARNING * * *
The adder skeleton completely misses you.
The ufetubus hits you.
* * * LOW HITPOINT WARNING * * *
The ufetubus hits you.
* * * LOW HITPOINT WARNING * * *
You block the ufetubus's attack. x2
Eustachio casts a spell.
It was a potion of brilliance.
You feel clever all of a sudden. The ufetubus hits you.
You die...

#### ....#
....#
####+###..(.##
#.............
#.............
#...55Z.......
#....@##..Z...
#.5.@.# ...##
#.....# ###
#......
#......#
+......#
###...## #####


You could see Eustachio, a shadow imp (summoned), 2 ufetubi and an adder
skeleton.

Vanquished Creatures
  An ooze (D:1)
  A dart slug (D:1)
  A giant cockroach (D:1)
  4 goblins
  8 hobgoblins
  6 kobolds
  A quokka (D:2)
  4 bats (D:1)
  2 frilled lizards
  5 rats
33 creatures vanquished.

Notes
Turn   | Place    | Note
-------+----------+-------------------------------------------
     0 | D:1      | dudeneo the Hill Orc Fighter began the quest for the Orb.
     0 | D:1      | Reached XP level 1. HP: 19/19 MP: 1/1
   160 | D:1      | Reached XP level 2. HP: 27/27 MP: 2/2
   608 | D:1      | Reached XP level 3. HP: 31/33 MP: 3/3
  1205 | D:2      | You fall into a shaft and drop 2 floors!
  1205 | D:4      | Noticed Eustachio
  1222 | D:4      | HP: 1/33 [ufetubus[Eustachio] (4)]
  1223 | D:4      | Slain by an ufetubus

Illustrated notes

Levels and vault maps discovered:
D:1:      minmay_arrival_five_plusses, layout_basic
D:2:      layout_loops_ring
D:4:      layout_gridville, tgw_trog, uniq_eustachio, uniq_blork_the_orc

Skill      XL: |  1  2  3 |
---------------+----------+-----
Axes           | 3 |  3.3
Fighting       | 4 |  4.0
Shields        | 4 |  4.2
Armour         | |  3.4
Dodging        | |  0.1

Action                   || total
-------------------------++-------
Melee: War axe           ||    71
       Short sword       ||    22
       Whip              ||    20
  Use: Potion            ||     2
Armor: Scale mail        ||    81
Dodge: Dodged            ||    60
Block: Kite shield       ||    63

Table legend: (Time is in decaauts)
 A = Elapsed time spent in this place.
 B = Non-inter-level travel time spent in this place.
 C = Inter-level travel time spent in this place.
 D = Time resting spent in this place.
 E = Time spent auto-exploring this place.
 F = Levels seen in this place.
 G = Mean time per level.
                   A        B        C        D        E       F      G
               +--------+--------+--------+--------+--------+-----+--------+
         Total |   1258 |   1237 |     21 |      0 |    912 |   3 |  419.3 |
       Dungeon |   1258 |   1237 |     21 |      0 |    912 |   3 |  419.3 |
               +--------+--------+--------+--------+--------+-----+--------+

Top non-repeatable levels by time:
     D:1: 873 daAuts
     D:2: 366 daAuts
     D:4: 19 daAuts
